 Dungeon Crawl Stone Soup version 0.30.1-4-g462c640d31 (webtiles) character file.

Game seed: 12249254636524088419

105 safid the Chiller (level 4, -4/49 HPs)
             Began as a Merfolk Ice Elementalist on Sept 18, 2023.
             Slain by a gnoll
             ... wielding a +0 whip
              (5 damage)
             ... on level 3 of the Dungeon.
             The game lasted 00:03:43 (2316 turns).

safid the Chiller (Merfolk Ice Elementalist)        Turns: 2316, Time: 00:03:43

Health: -4/49      AC:  2    Str:  8    XL:     4   Next: 81%
Magic:  0/8        EV: 12    Int: 16    God:
Gold:   131        SH:  6    Dex: 16    Spells: 4/8 levels left

rFire   + + .        j - +0 whip (venom)
rCold   + . .        v - +2 buckler "Hafeje" {*Corrode rF+ rC+ Dex+2}
rNeg    . . .        a - +0 robe
rPois   .            (no helmet)
rElec   .            (no cloak)
rCorr   .            (no gloves)
SInv    .            (no boots)
Will    .....        m - amulet of guardian spirit Stlth
                     q - ring of protection from fire
HPRegen 0.28/turn    (no ring)
MPRegen 0.11/turn

%: corrode self (3%), guardian spirit
@: berserking, very quick
A: (nimble swimmer 2), mertail
a: no special abilities


You were on level 3 of the Dungeon.
You visited 1 branch of the dungeon, and saw 3 of its levels.

You collected 131 gold pieces.

Inventory:

Hand Weapons
 h - a +2 short sword of holy wrath
 j - a +0 whip of venom (weapon)
Armour
 a - a +0 robe (worn)
 v - the +2 buckler "Hafeje" (worn) {*Corrode rF+ rC+ Dex+2}
   (You found it on level 2 of the Dungeon)

   Dex:       It affects your dexterity (+2).
   rF:        It protects you from fire.
   rC:        It protects you from cold.
   *Corrode:  It may corrode you when you take damage.
Jewellery
 m - an amulet of guardian spirit (around neck)
 q - a ring of protection from fire (left hand)
Scrolls
 c - 2 scrolls of teleportation {unknown}
 e - a scroll of amnesia {unknown}
 g - 3 scrolls of identify {unknown}
 k - a scroll of enchant armour {unknown}
 n - a scroll of poison {unknown}
 p - a scroll of vulnerability {unknown}
 r - 3 scrolls of fog {unknown}
 s - a scroll of torment {unknown}
 w - a scroll of immolation {unknown}
 x - a scroll of noise {unknown}
Potions
 b - 2 potions of magic
 d - a potion of attraction {unknown}
 f - a potion of mutation {unknown}
 i - a potion of haste
 o - a potion of curing {unknown}
 t - a potion of invisibility {unknown}
 u - a potion of resistance


   Skills:
 + Level 2.2 Fighting
 + Level 3.1 Dodging
 - Level 2.1 Stealth
 + Level 0.7 Shields
 + Level 2.9 Spellcasting
 + Level 5.1 Ice Magic


You had 4 spell levels left.
You knew the following spells:

 Your Spells              Type           Power      Damage    Failure   Level
a - Freeze                Ice            72%        1d8       3%          1
b - Frozen Ramparts       Ice            36%        1d6       11%         3

Your spell library contained the following spells:

 Spells                   Type           Power      Damage    Failure   Level
 Ozocubu's Armour         Ice            18%        N/A       11%         3
 Summon Ice Beast         Ice/Summ       10%        N/A       71%         4


Dungeon Overview and Level Annotations

Branches:
Dungeon (3/15)

Altars:
Cheibriados
The Shining One


Innate Abilities, Weirdness & Mutations

((You are very nimble when in or above water. (Stealth+, EV+, Speed+++)))
Your lower body shifts to a powerful aquatic tail in water.


Message History

The wall freezes the gnoll.
The gnoll hits you with a +0 whip!
An adder comes into view.
The wall freezes the gnoll.
The gnoll hits you with a +0 whip.
The adder hisses angrily.
The wall freezes the gnoll.
You kill the gnoll!
You are too injured to fight recklessly!
Unknown command.
The wall freezes the gnoll but does no damage.
You are too injured to fight recklessly!
You are too injured to fight recklessly!
You hit the gnoll.
The gnoll is lightly wounded.
The wall freezes the gnoll.
The gnoll closely misses you.
The wall freezes the gnoll but does no damage.
The gnoll hits you from afar with a +0 spear.
Unknown command.
You hit the gnoll.
The gnoll is poisoned.
The gnoll is moderately wounded.
The wall freezes the adder.
The adder seems to slow down.
The wall freezes the gnoll but does no damage.
You block the gnoll's attack.
The wall freezes the gnoll.
The gnoll hits you from afar with a +0 spear!
* * * LOW HITPOINT WARNING * * *
The wall freezes the gnoll.
The gnoll hits you from afar with a +0 halberd.
* * * LOW HITPOINT WARNING * * *
The wall freezes the adder!
The adder seems to slow down.
Unknown command.
You closely miss the gnoll.
The gnoll is heavily wounded.
The frozen ramparts melt away.
The gnoll hits you with a +0 whip!
* * * LOW HITPOINT WARNING * * *
The gnoll misses you. The gnoll hits you but does no damage.
Unknown command.
It was a potion of berserk rage.
A red film seems to cover your vision as you go berserk!
You feel yourself moving faster!
You feel mighty! The gnoll hits you with a +0 whip.
You die...

#.## ?.. # ... #.
#.. # ..##.##.#.#
#.......#.#
#..Sgg.# #### #g#
[.. #@######## .
#.##........# ..
#........##.#
...##.....##.## #
#.......(##... ##
.#.##...#....##.#
.##
......†.#.##.##.#
.⌠#
.#.###..........##
.## .
##.....>....#


You could see 3 gnolls and an adder (slow).

Vanquished Creatures
  2 gnolls
  2 adders (D:2)
  3 dart slugs (D:3)
  6 orcs (D:3)
  4 bats
  8 endoplasms
  3 hobgoblins
  4 quokkas
  3 ball pythons
  5 frilled lizards
  A goblin (D:1)
  3 kobolds
  12 rats
56 creatures vanquished.

Notes
Turn   | Place    | Note
-------+----------+-------------------------------------------
     0 | D:1      | safid the Merfolk Ice Elementalist began the quest for the
                  | Orb.
     0 | D:1      | Reached XP level 1. HP: 13/13 MP: 3/3
   110 | D:1      | Found a faded altar of an unknown god.
   224 | D:1      | Reached XP level 2. HP: 20/20 MP: 5/5
   413 | D:1      | Reached skill level 1 in Fighting
   543 | D:1      | Reached XP level 3. HP: 26/26 MP: 6/6
   547 | D:1      | Learned a level 3 spell: Frozen Ramparts
  1228 | D:2      | Reached skill level 5 in Ice Magic
  1524 | D:2      | Identified the +2 buckler "Hafeje" {*Corrode rF+ rC+ Dex+2}
  1666 | D:2      | Reached XP level 4. HP: 24/33 MP: 5/8
  2140 | D:3      | Found a glowing golden altar of the Shining One.
  2141 | D:3      | Found a snail-covered altar of Cheibriados.
  2315 | D:3      | HP: 1/33 [gnoll/+0 whip (7)]
  2316 | D:3      | Slain by a gnoll

Illustrated notes

Levels and vault maps discovered:
D:1:      matt_arrival_refuge, layout_loops_cross,
          hellmonk_ecumenical_altar_pennies_from_heaven, grunt_decor_junction
D:2:      layout_basic
D:3:      kennysheep_the_goblin_king, layout_loops_cross,
          amethyst_overflow_temple_binary, uniq_ijyb

Skill      XL: |  1  2  3  4 |
---------------+-------------+-----
Fighting       | 1 2 |  2.2
Ice Magic      | 5 |  5.1
Dodging        | 3 |  3.1
Stealth        | |  2.1
Shields        | |  0.7
Spellcasting   | |  2.9

Action                     |  1- 3 |  4- 6 || total
---------------------------+-------+-------++-------
  Melee: Dagger            |    24 |       ||    24
         Short sword       |    57 |    32 ||    89
         Whip              |       |    16 ||    16
   Cast: Freeze            |     9 |     4 ||    13
         Frozen Ramparts   |       |     1 ||     1
    Use: Potion            |       |     4 ||     4
   Stab: Sleeping          |    12 |     2 ||    14
 Armour: Robe              |    14 |     1 ||    15
  Dodge: Dodged            |    46 |    22 ||    68
  Block: Buckler           |     1 |     9 ||    10
